 Dungeon Crawl Stone Soup version 0.25.1-2-g60ff931df9 (webtiles) character file.

Game seed: 6176957861902796497

1803 DoubleLucky the Arsonist (level 8, -1/57 HPs)
             Began as a Pale Draconian Fire Elementalist on Oct 1, 2020.
             Slain by a killer bee (3 damage)
             ... on level 7 of the Dungeon.
             The game lasted 00:39:42 (7275 turns).

DoubleLucky the Arsonist (DrFE)                     Turns: 7275, Time: 00:39:43

Health: -1/57      AC:  9    Str: 11    XL:     8   Next: 83%
Magic:  16/16      EV: 12    Int: 17    God:
Gold:   136        SH:  0    Dex: 12    Spells: 11/18 levels left

rFire    . . .     SeeInvis .   o - +2 rapier (speed)
rCold    . . .     Gourm    .   (no shield)
rNeg     + . .     Faith    .   (armour unavailable)
rPois    +         Spirit   .   (helmet restricted)
rElec    .         Reflect  .   t - +2 cloak {Stlth+}
rCorr    .         Harm     .   (no gloves)
MR       .....                  (no boots)
Stlth    ++........             l - amulet of magic regeneration
HPRegen  0.19/turn              e - ring of positive energy
MPRegen  0.40/turn              y - ring of poison resistance

@: lethally poisoned (-1 -> -5)
A: breathe steam, unfitting armour, cold-blooded, AC +6
a: Breathe Steam


You were on level 7 of the Dungeon.
You were not hungry.

You visited 1 branch of the dungeon, and saw 7 of its levels.

You collected 376 gold pieces.
You spent 240 gold pieces at shops.

Inventory:

Hand Weapons
 j - a +0 dagger
 o - a +2 rapier of speed (weapon)
 q - a +1 dagger of pain
Missiles
 d - 9 poisoned darts
 r - 5 curare-tipped darts (quivered)
Armour
 t - a +2 cloak of stealth (worn)
Jewellery
 e - a ring of positive energy (left hand)
 l - an amulet of magic regeneration (around neck)
 y - a ring of poison resistance (right hand)
Scrolls
 c - 4 scrolls of remove curse
 s - 3 scrolls of teleportation {unknown}
 v - a scroll of blinking {unknown}
 x - a scroll of torment {unknown}
Potions
 a - a potion of invisibility
 g - 3 potions of brilliance
 h - a potion of mutation
 m - a potion of curing
 n - 2 potions of resistance {unknown}
 u - a potion of flight {unknown}
 z - 3 potions of heal wounds
 A - a potion of cancellation {unknown}
 B - a potion of lignification {unknown}
Comestibles
 b - 8 rations
 f - 10 chunks of flesh


   Skills:
 - Level 1.7 Dodging
 - Level 1.7 Stealth
 + Level 5.5 Spellcasting
 + Level 5.7 Conjurations
 * Level 9.5 Fire Magic


You had 11 spell levels left.
You knew the following spells:

 Your Spells              Type           Power        Failure   Level  Hunger
a - Foxfire               Conj/Fire      ####         1%          1    None
b - Conjure Flame         Conj/Fire      ####....     1%          3    ##.....
c - Inner Flame           Hex/Fire       ###.....     6%          3    ##.....

Your spell library contained the following spells:

 Spells                   Type           Power        Failure   Level  Hunger
 Sticky Flame             Conj/Fire      ####....     6%          4    ####...
 Fireball                 Conj/Fire      ####......   16%         5    ######.


Dungeon Overview and Level Annotations

Branches:
Dungeon (7/15)
 Temple: D:4-7

Altars:
Cheibriados
Nemelex Xobeh
Okawaru
Ru
Trog
Yredelemnul
Zin

Shops:
D:4 [*=!

Annotations:
D:3 Sigmund


Innate Abilities, Weirdness & Mutations

You can breathe blasts of scalding, opaque steam.
Your pale cyan-grey scales are hard. (AC +6)
You cannot fit into any form of body armour.
You are cold-blooded and may be slowed by cold attacks.


Message History

You are poisoned.
The killer bee poisons you!
The killer bee stings you but does no damage.
The killer bee stings you. The killer bee barely misses you.
You hit the killer bee.
You kill the killer bee!
You feel sick. The killer bee misses you. The killer bee stings you!
* * * LOW HITPOINT WARNING * * *
The killer bee closely misses you.
You closely miss the killer bee.
You feel sick. The killer bee barely misses you. The killer bee stings you.
* * * LOW HITPOINT WARNING * * *
You miss the killer bee. The killer bee stings you.
* * * LOW HITPOINT WARNING * * *
The killer bee stings you but does no damage.
The killer bee misses you. The killer bee closely misses you.
You closely miss the killer bee.
* * * LOW HITPOINT WARNING * * *
You feel sick. The killer bee closely misses you. The killer bee stings you.
You die...

##...#.........#
.<..###(##..§.!#########
##.#.#.###.............######
##.##.# ###....y^§.....?....
##.##.# ###)#...§..%.§....
##... . #.#.#####.######
##.## ## #.#y# .# ...# #.#y#
y# ...# #.#@# .# ##
#.#y#####y## # #.#yo§..yo.. #
..#§§# .# # #§§# # #§§§ ###
.o.5. ..# ......o #.#
...o....#


You could see an orc warrior and 5 killer bees.

Vanquished Creatures
  2 orc warriors
  2 ice beasts
  A necrophage (D:5)
  3 ogres
  2 centaurs (D:6)
  2 bullfrogs
  A water moccasin skeleton (D:6)
  A killer bee (D:7)
  3 crimson imps
  2 bullfrog zombies (D:6)
  2 hounds (D:5)
  An orc priest (D:5)
  2 orc wizards
  A centaur skeleton (D:6)
  An iguana (D:7)
  4 worker ants
  A hound skeleton (D:6)
  Robin (D:3)
  A worker ant zombie (D:7)
  4 adders
  3 gnolls (D:3)
  3 shadow imps
  An adder skeleton (D:5)
  An adder zombie (D:6)
  2 worms (D:2)
  4 dart slugs
  6 leopard geckos
  27 orcs
  6 giant cockroaches
  9 goblins
  5 hobgoblins
  2 jackals (D:1)
  4 quokkas
  4 ball pythons
  9 bats
  2 frilled lizards (D:1)
  3 kobolds
  4 rats
132 creatures vanquished.

Vanquished Creatures (others)
  420 foxfires
420 creatures vanquished.

Grand Total: 552 creatures vanquished

Notes
Turn   | Place    | Note
-------+----------+-------------------------------------------
     0 | D:1      | DoubleLucky the Draconian Fire Elementalist began the quest
                  | for the Orb.
     0 | D:1      | Reached XP level 1. HP: 14/14 MP: 3/3
   328 | D:1      | Reached XP level 2. HP: 11/20 MP: 1/5
   351 | D:1      | HP: 1/20 [dart slug/slug dart (6)]
   855 | D:1      | Found a sparkling altar of Nemelex Xobeh.
   910 | D:1      | Reached XP level 3. HP: 26/26 MP: 0/6
  1870 | D:2      | Found a sacrificial altar of Ru.
  1878 | D:2      | Reached skill level 4 in Fire Magic
  1878 | D:2      | Reached XP level 4. HP: 28/33 MP: 1/7
  2412 | D:3      | Learned a level 3 spell: Conjure Flame
  2416 | D:3      | Learned a level 3 spell: Inner Flame
  2534 | D:3      | Found a glowing silver altar of Zin.
  2551 | D:3      | Noticed Robin
  2555 | D:3      | Killed Robin
  2685 | D:3      | Reached XP level 5. HP: 22/38 MP: 5/9
  2997 | D:3      | Noticed Sigmund
  3375 | D:4      | Found a bloodstained altar of Trog.
  3440 | D:4      | Found Wydiopef's Antique Armour Emporium.
  3444 | D:4      | Found Yteup's Jewellery Emporium.
  3444 | D:4      | Found Xinozusuc's Assorted Antiques.
  3444 | D:4      | Found Rugauti's Distillery.
  3466 | D:4      | Bought a runed cloak for 120 gold pieces
  3466 | D:4      | Bought a glowing cloak for 120 gold pieces
  3974 | D:5      | Entered Level 5 of the Dungeon
  4116 | D:5      | Reached skill level 5 in Fire Magic
  4301 | D:5      | Noticed a necrophage
  4311 | D:5      | Killed a necrophage
  4311 | D:5      | Reached XP level 6. HP: 43/45 MP: 4/11
  4767 | D:5      | Reached skill level 6 in Fire Magic
  4767 | D:5      | Your scales start taking on a pale cyan-grey colour.
  4767 | D:5      | Reached XP level 7. HP: 50/50 MP: 7/12
  5225 | D:5      | Reached skill level 7 in Fire Magic
  5825 | D:6      | Reached skill level 8 in Fire Magic
  5825 | D:6      | Reached XP level 8. HP: 57/57 MP: 4/14
  5978 | D:6      | Found an iron altar of Okawaru.
  6096 | D:6      | Found a snail-covered altar of Cheibriados.
  6260 | D:6      | Reached skill level 5 in Conjurations
  6266 | D:6      | Reached skill level 5 in Spellcasting
  6510 | D:6      | Reached skill level 9 in Fire Magic
  6750 | D:6      | Found a basalt altar of Yredelemnul.
  7275 | D:7      | HP: 2/57 [poisoned by a killer bee]
  7275 | D:7      | Slain by a killer bee

Illustrated notes

Levels and vault maps discovered:
D:1:      dpeg_arrival_tiny_a, layout_rooms, nemelex_diamond_rough_becter
D:2:      layout_loops_ring, nicolae_ru_great_annihilating_truth
D:3:      layout_rooms, zin_scriptorium, first_ration,
          minmay_misc_feat_enclosed, uniq_robin, uniq_sigmund
D:4:      layout_basic, lightli_temple_of_fire, minmay_shop_grid_forest,
          chequers_serial_rivers_small_b
D:5:      layout_basic
D:6:      layout_loops_ring, lemuel_round_altar, kennysheep_slug_shrine,
          kennysheep_mini, minmay_puff
D:7:      layout_loops_ring, minitemple, minmay_temple_entry_overgrown

Skill      XL: |  1  2  3  4  5  6  7  8 |
---------------+-------------------------+-----
Conjurations   | 2 3 4 5 |  5.7
Fire Magic     | 4 5 6 8 9 |  9.5
Spellcasting   | 3 4 5 |  5.5
Dodging        | |  1.7
Stealth        | |  1.7

Action                   |  1- 3 |  4- 6 |  7- 9 || total
-------------------------+-------+-------+-------++-------
Melee: Unarmed           |    12 |       |       ||    12
       Tailslap          |     1 |     9 |     3 ||    13
       Dagger            |     4 |    78 |       ||    82
       Rapier            |       |    18 |    63 ||    81
Throw: Dart              |       |     2 |       ||     2
 Cast: Foxfire           |    53 |   105 |   120 ||   278
       Conjure Flame     |       |     1 |    13 ||    14
       Inner Flame       |       |       |    16 ||    16
 Abil: Breathe Steam     |       |       |     1 ||     1
  Use: Scroll            |       |     9 |     3 ||    12
       Potion            |       |     1 |     1 ||     2
  Eat: Chunk             |     3 |    10 |     3 ||    16
       Ration            |       |       |     2 ||     2
Armor: Skin              |     7 |    36 |    33 ||    76
Dodge: Dodged            |    18 |    57 |    66 ||   141
